 Dungeon Crawl Stone Soup version 0.32-a0-932-g546787307d (webtiles) character file.

Game seed: 12772740811877829189

1859149 Twinkles the Planerender (level 27, 242/242 HPs)
             Began as a Black Draconian Conjurer on Apr 14, 2024.
             Was an Elder of Hepliaklqana.
             Escaped with the Orb
             ... and 4 runes on Apr 21, 2024!
             The game lasted 10:58:32 (104973 turns).

Twinkles the Planerender (DrCj)                   Turns: 104973, Time: 10:58:33

Health: 242/242    AC: 27    Str: 18    XL:     27
Magic:  42/42      EV: 14    Int: 46    God:    Hepliaklqana [****..]
Gold:   4837       SH:  7    Dex:  6    Spells: 1/56 levels left

rFire   + . .        a - +8 trishula "Condemnation" {holy, anguish, *Noise Fly rN+}
rCold   + . .        X - +3 warlock's mirror {omnireflect}
rNeg    + + +        (body armour unavailable)
rPois   .            L - +4 hat "Kaewu" {Int+3}
rElec   +            k - scarf {rC+ rF+}
rCorr   .            r - +2 pair of gloves "Xabbel" {Str+2 Int+5}
SInv    +            t - +2 pair of boots of Red Music {rElec Int+4}
Will    ++...        g - amulet of Jealousy {rN+++ Regen+ RegenMP+ Dex-4 SInv}
Stlth   +            c - +6 ring of intelligence
HPRegen 1.40/turn    y - ring of Oxkizxum {+Blink rN++ AC+4 Int+3 Dex-3}
MPRegen 0.68/turn

%: reflection
@: calling dragons, flying, studying 4 skills
A: reduced essence, galvanic breath, AC +13, unfitting armour, big wings,
electricity resistance, cold-blooded, talons 1, screaming 1, strong 1,
MP-powered wands
0: Orb of Zot
}: 4/15 runes: decaying, slimy, silver, gossamer
a: Galvanic Breath, Renounce Religion, Evoke Blink, Recall Ancestor, Ancestor
Identity, Transference, Idealise


You escaped.
You worshipped Hepliaklqana.
Hepliaklqana was greatly pleased with you.
You visited 12 branches of the dungeon, and saw 56 of its levels.
You also visited: Ossuary, Bailey and Ice Cave.

You collected 12826 gold pieces.
You spent 7989 gold pieces at shops.

Inventory:

Hand Weapons
 a - the +8 trishula "Condemnation" (weapon) {holy, anguish, *Noise Fly rN+}
   (You took it off a deep elf annihilator on level 3 of the Elven Halls)

   rN+:       It protects you from negative energy.
   Fly:       It grants you flight.
   *Noise:    It may make a loud noise when swung.
 b - the +8 dagger "Dragon's Funeral" {drain, rPois Dex+2}
   (You took it off an orc wizard on level 8 of the Dungeon)

   Dex+2:     It affects your dexterity (+2).
   rPois:     It protects you from poison.
Missiles
 x - 10 throwing nets
 Z - 19 curare-tipped darts
Armour
 k - a scarf of resistance (worn)
 r - the +2 pair of gloves "Xabbel" (worn) {Str+2 Int+5}
   (You acquired it on level 8 of the Dungeon)

   Str+2:     It affects your strength (+2).
   Int+5:     It affects your intelligence (+5).
 t - the +2 pair of boots of Red Music (worn) {rElec Int+4}
   (You found it on level 3 of the Elven Halls)

   Int+4:     It affects your intelligence (+4).
   rElec:     It insulates you from electricity.
 L - the +4 hat "Kaewu" (worn) {Int+3}
   (You acquired it in a bailey)

   Int+3:     It affects your intelligence (+3).
 X - the +3 warlock's mirror (worn) {omnireflect}
   (You bought it in a shop on level 1 of the Vaults)

   Omnireflect: It can block and reflect piercing ranged attacks and magical
   attacks against the wielder's willpower.
Jewellery
 c - a +6 ring of intelligence (left hand)
 f - a ring of protection from fire
 g - the amulet of Jealousy (around neck) {rN+++ Regen+ RegenMP+ Dex-4 SInv}
   (You found it on level 5 of the Vaults)

   [amulet of magic regeneration]

   It increases your rate of magic regeneration.
   Dex-4:     It affects your dexterity (-4).
   rN+++:     It renders you almost immune to negative energy.
   SInv:      It lets you see invisible.
   Regen+:    It increases your rate of health regeneration.
   RegenMP+:  It increases your rate of magic regeneration.
 j - a ring of resist corrosion
 l - a ring of see invisible
 n - a +5 ring of evasion
 o - a ring of magical power
 u - a ring of protection from cold
 y - the ring of Oxkizxum (right hand) {+Blink rN++ AC+4 Int+3 Dex-3}
   (You took it off a necromancer on level 3 of the Crypt)

   [ring of protection]

   AC+4:      It affects your AC (+4).
   Int+3:     It affects your intelligence (+3).
   Dex-3:     It affects your dexterity (-3).
   rN++:      It greatly protects you from negative energy.
   +Blink:    It lets you blink.
 z - a ring of willpower
 W - a +6 ring of intelligence
Wands
 d - a wand of digging (16)
 h - a wand of warping (32)
 i - a wand of quicksilver (39)
 p - a wand of paralysis (82)
Scrolls
 w - a scroll of revelation
 D - 7 scrolls of blinking
 E - 6 scrolls of fear
 F - 15 scrolls of fog
 K - 8 scrolls of immolation
 O - 5 scrolls of silence
 S - a scroll of summoning
 V - 14 scrolls of vulnerability
 Y - 25 scrolls of teleportation
Potions
 e - 9 potions of enlightenment
 A - 7 potions of attraction
 B - 13 potions of brilliance
 C - 4 potions of cancellation
 G - 6 potions of ambrosia
 H - 6 potions of haste
 I - 3 potions of invisibility
 J - 6 potions of curing
 M - 7 potions of might
 N - 12 potions of heal wounds
 P - 20 potions of lignification
 Q - 8 potions of magic
 R - 2 potions of resistance
 T - 5 potions of berserk rage
 U - 5 potions of mutation
Miscellaneous
 m - a phantom mirror
 q - a Gell's gravitambourine (2/2)
 s - a tin of tremorstones (2/2)
 v - a lightning rod (4/4)


   Skills:
 - Level 26.0 Fighting
 - Level 5.8 Short Blades
 - Level 0.7 Maces & Flails
 - Level 14.0 Polearms
 - Level 16.3 Dodging
 - Level 8.0 Stealth
 - Level 7.3 Shields
 + Level 15.4 Spellcasting
 - Level 5.0 Conjurations
 O Level 27 Summonings
 - Level 4.2 Translocations
 - Level 8.0 Ice Magic
 + Level 21.5 Invocations


You had one spell level left.
You knew the following spells:

 Your Spells              Type           Power      Damage    Failure   Level
a - Ozocubu's Armour      Ice            83%        N/A       1%          3
b - Iskenderun's Mystic   Conj/Tloc      67%        2d14      (+2d71%     4
c - Dragon's Call         Summ           68%        N/A       1%          9
d - Passage of Golubria   Tloc           65%        N/A       1%          4
f - Summon Forest         Summ/Tloc      54%        N/A       1%          5
g - Malign Gateway        Summ/Tloc      54%        N/A       1%          7
m - Monstrous Menagerie   Summ           68%        N/A       0%          7
r - Searing Ray           Conj           100%       2d8       1%          2
v - Summon Mana Viper     Hex/Summ       100%       N/A       1%          5
x - Summon Horrible Thin  Summ           68%        N/A       1%          8
y - Apportation           Tloc           100%       N/A       1%          1

Your spell library contained the following spells:

 Spells                   Type           Power      Damage    Failure   Level
 Summon Small Mammal      Summ           100%       N/A       0%          1
 Foxfire                  Conj/Fire      100%       2x1d9     1%          1
 Freeze                   Ice            100%       1d10      1%          1
 Kiss of Death            Conj/Necr      100%       2d13      1%          1
 Magic Dart               Conj           100%       1d8       1%          1
 Necrotise                Necr           100%       1d9       1%          1
 Sandblast                Erth           70%        2d15      1%          1
 Sting                    Conj/Alch      100%       1d9       1%          1
 Call Imp                 Summ           100%       N/A       0%          2
 Call Canine Familiar     Summ           100%       N/A       0%          3
 Summon Ice Beast         Ice/Summ       100%       N/A       0%          3
 Summon Cactus Giant      Summ           68%        N/A       0%          6
 Summon Hydra             Summ           68%        N/A       0%          7
 Blink                    Tloc           100%       N/A       1%          2
 Cigotuvi's Dreadful Rot  Necr/Alch/Air  70%        N/A       1%          2
 Jinxbite                 Hex            70%        N/A       1%          2
 Lesser Beckoning         Tloc           100%       N/A       1%          2
 Mercury Vapours          Alch/Air       70%        N/A       1%          2
 Momentum Strike          Conj/Tloc      100%       3d10      1%          2
 Scorch                   Fire           70%        2d7       1%          2
 Static Discharge         Conj/Air       100%       3-8/arc   1%          2
 Sublimation of Blood     Necr           35%        N/A       1%          2
 Dazzling Flash           Conj/Hex       100%       N/A       1%          3
 Frozen Ramparts          Ice            100%       1d16      1%          3
 Hailstorm                Conj/Ice       76%        3d13      1%          3
 Maxwell's Portable Pile  Tloc           65%        2d(11-33) 1%          3
 Stone Arrow              Conj/Erth      100%       3d13      1%          3
 Teleport Other           Tloc           65%        N/A       1%          3
 Volatile Blastmotes      Fire/Tloc      100%       2d18      1%          3
 Martyr's Knell           Necr/Summ      100%       N/A       1%          4
 Summon Blazeheart Golem  Fire/Summ      100%       N/A       1%          4
 Spellforged Servitor     Conj/Summ      55%        N/A       1%          7
 Confusing Touch          Hex            35%        N/A       2%          3
 Fugue of the Fallen      Necr           35%        N/A       2%          3
 Passwall                 Erth           35%        N/A       2%          3
 Sigil of Binding         Hex            35%        N/A       2%          3
 Tukima's Dance           Hex            35%        N/A       2%          3
 Brom's Barrelling Bould  Conj/Erth      55%        2d7       2%          4
 Flame Wave               Conj/Fire      55%        2d13      2%          4
 Fulminant Prism          Conj/Alch      27%        3d14      2%          4
 Vhi's Electric Charge    Tloc/Air       100%       N/A       3%          4
 Airstrike                Air            17%        2d(3-19)  8%          4
 Anguish                  Hex/Necr       17%        N/A       8%          4
 Animate Dead             Necr           35%        N/A       8%          4
 Cause Fear               Hex            17%        N/A       8%          4
 Dispel Undead            Necr           35%        3d15      8%          4
 Leda's Liquefaction      Alch/Erth      17%        N/A       8%          4
 Olgreb's Toxic Radiance  Alch           35%        N/A       8%          4
 Petrify                  Alch/Erth      35%        N/A       8%          4
 Sticky Flame             Fire/Alch      35%        2d7       8%          4
 Arcjolt                  Conj/Air       27%        1d37      8%          5
 Fireball                 Conj/Fire      27%        3d12      8%          5
 Irradiate                Conj/Alch      27%        3d20      8%          5
 Alistair's Intoxication  Alch           23%        N/A       22%         5
 Borgnjor's Vile Clutch   Necr/Erth      17%        N/A       22%         5
 Lee's Rapid Deconstruct  Erth           17%        3d11*     22%         5
 Silence                  Hex/Air        17%        N/A       22%         5
 Yara's Violent Unravell  Hex/Alch       17%        3d8       22%         5
 Dispersal                Tloc           32%        N/A       22%         6
 Gell's Gavotte           Tloc           32%        2d(25-38) 22%         6
 Permafrost Eruption      Ice/Erth       32%        2x4d8     24%         6
 Sculpt Simulacrum        Ice/Alch       32%        N/A       24%         6
 Ozocubu's Refrigeration  Ice            41%        4d16      26%         7
 Bombard                  Conj/Erth      27%        9d5       41%         6
 Conjure Ball Lightning   Conj/Air       27%        3x3d8     41%         6
 Starburst                Conj/Fire      27%        6d9       41%         6
 Orb of Destruction       Conj           34%        9d10      65%         7
 Manifold Assault         Tloc           32%        N/A       75%         7
 Death Channel            Necr           17%        N/A       77%         6
 Eringya's Noxious Bog    Alch           17%        4d6       77%         6
 Plasma Beam              Fire/Air       17%        2x1d29    77%         6
 Enfeeble                 Hex            17%        N/A       100%        7
 Borgnjor's Revivificati  Necr           17%        N/A       100%        8
 Discord                  Hex            17%        N/A       100%        8
 Disjunction              Tloc           32%        N/A       100%        8
 Ignition                 Fire           17%        3d7       100%        8
 Lehudib's Crystal Spear  Conj/Erth      27%        10d7      100%        8
 Maxwell's Capacitive Co  Air            17%        ∞         100%        8
 Polar Vortex             Ice            41%        12d5*     100%        9
 Shatter                  Erth           17%        3d16*     100%        9


Dungeon Overview and Level Annotations

Branches:
Dungeon (15/15)            Temple (1/1) D:5            Lair (5/5) D:9
  Swamp (4/4) Lair:2       Spider (4/4) Lair:3        Slime (5/5) Lair:4
    Orc (2/2) D:11            Elf (3/3) Orc:2        Vaults (5/5) D:14
  Crypt (3/3) Vaults:2       Tomb (0/3) Crypt:3      Depths (4/4) D:15
    Zot (5/5) Depths:4    Ossuary (visited)          Bailey (visited)
  IceCv (visited)

Altars:
Ashenzari
Cheibriados
Dithmenos
Elyvilon
Fedhas
Gozag
Hepliaklqana
Kikubaaqudgha
Makhleb
Nemelex Xobeh
Okawaru
Qazlal
Ru
Sif Muna
Trog
Uskayaw
Vehumet
Wu Jian
Xom
Yredelemnul
Zin
The Shining One
Beogh
Lugonu

Shops:
D:8 *:?:   D:11 [   Orc:2 ([:?   Elf:1 =   Elf:2 ?   Elf:3 !   Vaults:1 [*[=
Vaults:5 [

Portals:
Hell: Depths:1 Depths:2 Depths:3 Depths:4
Abyss: D:14 Lair:5 Depths:3
Pandemonium: Depths:2 Depths:3 Depths:4
Ziggurat: Depths:1
Trove: Elf:2 (give 15 potions of curing)

Annotations:
D:13 4 exclusions
Swamp:3 3 runed translucent doors, xzight's ghost, adept MiBe
Crypt:1 2 transporters
Zot:3 4 transporters
Zot:4 2 transporters, Beclu's ghost, legendary GnSk


Innate Abilities, Weirdness & Mutations

Your life essence is reduced to manifest your ancestor. (-10% HP)
You can breathe arcing electricity.
Your glossy black scales are hard. (AC +13)
You cannot fit into any form of body armour.
Your large and strong wings let you fly.
You are resistant to electric shocks. (rElec)
You are cold-blooded and may be slowed by cold attacks.
You have sharp toenails.
You occasionally shout uncontrollably at your foes.
Your muscles are strong. (Str +4, Int/Dex -1)
You expend magic power (3 MP) to strengthen your wands.


Message History

Coqu seems to speed up.
The hellion barely misses Coqu.
Coqu hits the hellion with a +0 broad axe of speed.
Coqu blocks the hellion's attack.
Coqu hits the hellion with a +0 broad axe of speed!
The hellion dies!
A hellion comes into view.
You can once more reach out to the dragon horde.
The hellion gestures at you.
The sphere of damnation explodes!
The damnation engulfs you!!
The damnation engulfs Coqu!!
Casting: Ozocubu's Armour (safe; 1% risk of failure)
Confirm with . or Enter, or press ? or * to list all spells.
You call out to the draconic realm, and the dragon horde roars back!
A dragon arrives to answer your call! A dragon arrives to answer your call!
The hellion gestures at you.
The sphere of damnation explodes!
The damnation engulfs you!!
The damnation engulfs Coqu!!
Your golden dragon breathes fire at the hellion.
The bolt of fire hits the hellion!!
You reach to attack!
You puncture the hellion!
The hellion convulses!
The hellion is haunted by guilt!
The hellion is almost dead.
A dragon arrives to answer your call!
Coqu hits the hellion with a +0 broad axe of speed!!
The hellion dies!
No target in view!
You swap places.
You swap places.
There is a staircase leading out of the dungeon here.
You start resting.
Coqu is no longer moving quickly.
Your golden dragon disappears in a puff of smoke!
Your fire dragon disappears in a puff of smoke!
Magic restored.
You start resting.
HP restored.
Unknown command.
You have escaped!

#####.......#########.......###..
##.....####.......####.....####
##....###.............###....###
#...........#######.....##....##
##...##....###.D...###....#....##
#....#....##.D.DD....#..####....#
#...##...##.DR#####........##...#
#...#....#...##...##...#....#...#
#...######......@..#...#....#...#
#........#...##.R.##...#....#...#
######...##...#####...##...##...#
.....#....##.....#...##.........#
.....##..).###...#.###....##...##
......##.....#######.....##....##
###....###.......#(....###....###
#.##.....####....#..####.....####
#..##.......###.#####.......####.


You could see the friendly Coqu the knight (reflecting).

Vanquished Creatures
  A dread lich (Zot:1)
  A golden dragon (Zot:2)
  A bone dragon (Depths:4)
  A shard shrike zombie (Crypt:3)
  5 tentacled monstrosities
  Mlioglotl (Swamp:1)
  2 quicksilver dragons
  A sphinx (Vaults:5)
  A death cob (Zot:3)
  Kirke (Lair:5)
  A shadow dragon (Zot:4)
  2 tengu reavers
  An azure jelly (Slime:5)
  An iron dragon (Vaults:3)
  A frost giant (Depths:2)
  4 ghost moths
  A draconian scorcher (Zot:2)
  3 ironbound preservers (Vaults:4)
  An orc warlord (Bailey)
  A cacodemon (D:14)
  A quicksilver ooze (Slime:5)
  A formless jellyfish (Vaults:4)
  A very ugly thing (Depths:3)
  A draconian stormcaller (Zot:4)
  2 stone giants
  A vampire knight (Crypt:2)
  3 bunyips
  Azrael (D:15)
  A deep elf death mage (Vaults:5)
  3 war gargoyles
  A black draconian (Zot:1)
  An eleionoma (Swamp:2)
  2 white draconians (Zot:5)
  A dire elephant (Vaults:4)
  3 spark wasps
  2 eidola
  An ettin (Vaults:4)
  A crystal guardian (Crypt:3)
  Josephine (D:11)
  A fire dragon (Depths:4)
  Harold (D:9)
  3 hydras
  4 vault guards
  An anaconda (Lair:4)
  2 spriggan skeletons (Crypt:2)
  An ice dragon (Zot:4)
  A catoblepas (Lair:3)
  5 centaur warriors (Vaults:2)
  A death knight (D:9)
  2 boulder beetles
  3 two-headed ogres
  A death yak (Lair:4)
  A tengu warrior (D:9)
  A deep troll earth mage (D:11)
  A demonic crawler (Spider:3)
  An occultist (D:14)
  A skyshark (Lair:3)
  A fire crab (Lair:3)
  A goliath frog (Lair:2)
  A sun demon (Depths:4)
  A golden dragon zombie (Crypt:3)
  3 skeletal warriors
  A spriggan druid (Swamp:2)
  A glowing orange brain (Slime:4)
  4 bog bodies
  6 deep trolls
  2 shadow demons
  3 phantasmal warriors
  An arcanist (D:9)
  An obsidian statue (D:15)
  3 lindwurms
  A thermic dynamo (Elf:1)
  3 wolf spiders
  A manticore (D:12)
  An oklob plant (Lair:1)
  3 ugly things
  An iron giant skeleton (Crypt:3)
  A deep elf zephyrmancer (Elf:1)
  A necromancer (Vaults:5)
  A large abomination (Depths:3)
  A cyclops (D:11)
  4 moths of wrath
  11 elephants
  A kobold blastminer (Orc:2)
  A stone giant skeleton (Vaults:2)
  A gargoyle (D:11)
  A torpor snail (shapeshifter) (Vaults:5)
  An unseen horror (D:12)
  3 cane toads
  A smoke demon (Lair:5)
  A hellion (D:12)
  An ice devil (D:12)
  A death yak skeleton (Crypt:2)
  8 komodo dragons
  A harpy zombie (Crypt:3)
  3 trolls
  A polar bear (Lair:2)
  A red devil (Zot:4)
  A tyrant leech (Swamp:3)
  Grinder (D:5)
  A hornet (shapeshifter) (Lair:5)
  5 tarantellas
  A hornet (D:9)
  2 raiju (Lair:5)
  5 jumping spiders
  8 nameless horrors
  A knight (Elf:1)
  A harpy skeleton (Crypt:3)
  9 blink frogs
  An ettin zombie (Crypt:2)
  2 slime creatures
  A wyvern (Lair:2)
  4 wraiths
  3 culicivoras
  8 small abominations (Lair:5)
  A vampire (D:9)
  2 spriggans
  33 yaks
  2 ynoxinuls (Lair:5)
  An ettin skeleton (Crypt:3)
  2 fire elementals (D:15)
  5 humans
  6 basilisks
  A tyrant leech zombie (Swamp:4)
  2 steam dragons
  4 hogs
  A vampire mosquito (Swamp:3)
  2 swamp worms (Swamp:2)
  Menkaure (D:5)
  6 redbacks
  3 chaos spawn (Lair:5)
  A water nymph zombie (Crypt:1)
  A swamp worm (shapeshifter) (Elf:1)
  4 hell hounds (D:15)
  12 water moccasins
  7 orc warriors
  A swamp drake (Lair:2)
  12 wolves
  15 laughing skulls
  3 ogres
  2 centaurs
  2 phantoms
  8 kobold brigands
  6 bullfrogs
  3 gnoll sergeants
  2 scorpions (D:4)
  A cane toad simulacrum (IceCv)
  7 wights
  5 killer bees
  5 howler monkeys
  2 electric eels (Lair:2)
  6 bombardier beetles
  A jelly (D:5)
  6 orc priests
  2 gnoll boudas
  5 iguanas
  8 orc wizards
  A polar bear simulacrum (D:13)
  2 spriggan simulacra
  A wolf simulacrum (D:13)
  8 mummies (Ossuary)
  14 gnolls
  8 adders
  A naga simulacrum (IceCv)
  A steam dragon skeleton (Crypt:1)
  3 white imps
  An ufetubus (IceCv)
  3 dart slugs
  2 ribbon worms (D:3)
  47 orcs
  2 ball pythons (D:1)
  7 bats
  12 endoplasms
  3 giant cockroaches
  2 gnoll zombies (Ossuary)
  12 goblins
  7 hobgoblins
  10 jackals
  26 kobolds
  2 quokkas (D:1)
  12 frilled lizards
  4 hobgoblin zombies (Ossuary)
  A kobold zombie (Ossuary)
  An orc zombie (Ossuary)
  6 rats
  An aspiring flesh (Zot:5)
627 creatures vanquished.

Vanquished Creatures (collateral kills)
  the Royal Jelly (Slime:5)
  4 ancient liches
  7 dread liches
  10 orbs of fire (Zot:5)
  Tiamat (Zot:1)
  Sojobo (Depths:1)
  2 Killer Klowns (Zot:5)
  2 curse toes
  Boris (twice) (Vaults:2 Depths:4)
  11 golden dragons
  Jory (Crypt:1)
  Norris (Vaults:1)
  A bone dragon (Swamp:4)
  A Brimstone Fiend (Zot:5)
  5 electric golems
  23 Orb Guardians (Zot:5)
  A pandemonium lord (Zot:1)
  2 Ice Fiends
  16 tentacled monstrosities
  A walking frostbound tome (Depths:3)
  4 liches
  6 quicksilver dragons
  2 deep elf blademasters
  2 deep elf master archers (Elf:3)
  4 titans
  12 acid blobs
  An eldritch tentacle (Zot:5)
  10 sphinxes
  Frances (Spider:1)
  8 death cobs
  2 ancient champions
  A tentacled starspawn (D:14)
  A thorn hunter (Swamp:4)
  6 tengu reavers
  8 shadow dragons
  Donald (Vaults:1)
  The ghost of Axipewex the Grappler, a journeyman OnSh of Okawaru (D:14)
  Roxanne (D:15)
  8 rockslimes
  10 azure jellies
  7 draconian monks (Zot:4)
  3 protean progenitors
  Aizul (Vaults:1)
  14 storm dragons
  8 draconian shifters
  8 fire giants
  3 iron dragons
  7 frost giants
  23 vault wardens
  4 draconian scorchers
  8 draconian knights
  8 deep elf sorcerers
  3 emperor scorpions (Spider:4)
  Louise (D:15)
  A curse skull (Crypt:2)
  4 ghost moths
  3 draconian annihilators
  6 draconian stormcallers
  5 deep elf elementalists (Elf:3)
  21 ironbound preservers
  A demonspawn corrupter (D:1)
  A reaper (Crypt:2)
  2 broodmothers (Spider:4)
  A cacodemon (D:1)
  A caustic shrike skeleton (Crypt:3)
  8 stone giants
  9 ghouls
  A demonspawn blood saint (D:1)
  4 quicksilver oozes
  3 orc warlords
  A juggernaut skeleton (Crypt:3)
  The ghost of planckenstein the Severer, a journeyman MiBe of Trog (Lair:5)
  10 very ugly things
  5 formless jellyfish
  10 ironbound thunderhulks
  5 deep elf death magi
  7 vampire knights
  14 green draconians
  9 deep elf annihilators
  10 deep elf demonologists
  15 black draconians
  2 eleionomae
  2 bunyips
  4 spark wasps
  7 red draconians
  5 war gargoyles
  6 white draconians
  17 dire elephants
  14 yellow draconians
  14 purple draconians
  3 lorocyprocas
  An eidolon (Crypt:2)
  A jiangshi (Crypt:1)
  4 crystal guardians
  9 ettins
  4 deep elf high priests
  5 entropy weavers
  9 great orbs of eyes
  7 fire dragons
  15 yaktaur captains
  2 spriggan zombies
  2 ogre magi (Vaults:5)
  23 vault guards
  5 rakshasas (Depths:2)
  A catoblepas (D:12)
  8 ice dragons
  11 hydras
  3 ghost crabs
  4 peacekeepers
  10 ironbound frosthearts
  2 spriggan air magi
  3 centaur warriors
  A sphinx zombie (Crypt:2)
  7 alligators
  4 radroaches
  31 dancing weapons
  6 death knights
  13 two-headed ogres
  5 tengu warriors
  5 deep troll shamans
  6 boulder beetles
  5 demonic crawlers
  A vampire mage (Crypt:1)
  2 deep troll earth magi
  3 thrashing horrors (Lair:5)
  2 orc high priests (Orc:2)
  13 spriggans
  An occultist (Depths:2)
  2 spriggan berserkers (Depths:4)
  21 skeletal warriors
  13 deep elf knights
  2 skysharks (Vaults:1)
  9 hell knights
  An iron troll (Depths:4)
  3 pharaoh ants
  4 goliath frogs
  A sea snake (shapeshifter) (Vaults:5)
  40 deep trolls
  A shadow wraith (D:14)
  A shadow demon (Depths:4)
  3 death drakes
  11 bog bodies
  A deep troll (shapeshifter) (Vaults:2)
  4 spriggan druids
  4 spectral hydras (Swamp:4)
  5 deep elf archers
  12 orb spiders
  3 flayed ghosts
  2 swamp dragons
  4 glowing orange brains
  A sun moth (shapeshifter) (Depths:2)
  2 sun moths
  6 phantasmal warriors
  A tengu zombie (Vaults:2)
  8 arcanists
  6 orc knights
  7 steelbarb worms
  A spectral alligator (Swamp:4)
  16 ironbound convokers
  2 lindwurms (Vaults:2)
  2 alligator zombies (Swamp:4)
  5 thermic dynamos
  7 large abominations (Depths:3)
  17 deep elf pyromancers
  9 necromancers
  A human zombie (Vaults:2)
  A harpy (shapeshifter) (D:13)
  4 orc sorcerers
  14 wolf spiders
  3 oklob plants
  3 obsidian bats (Orc:2)
  13 deep elf zephyrmancers
  3 manticores
  A shining eye (shapeshifter) (Vaults:5)
  28 ugly things
  A cyclops (shapeshifter) (Elf:3)
  An alligator skeleton (Crypt:1)
  4 cyclopes
  23 moths of wrath
  5 will-o-the-wisps
  4 shining eyes
  A stone giant zombie (Crypt:2)
  A rust devil (D:15)
  6 meliai
  4 elephants
  18 nameless horrors
  A kobold blastminer (Orc:2)
  An elephant (shapeshifter) (Elf:3)
  6 cane toads
  A water nymph (shapeshifter) (D:14)
  3 black mambas
  A toenail golem (Zot:5)
  20 vault sentinels
  An ice statue (IceCv)
  2 orange demons
  2 eyes of devastation (Slime:5)
  A smoke demon (Depths:4)
  3 naga skeletons
  A gargoyle (D:12)
  3 hellions
  2 torpor snails (Spider:3)
  A rime drake (Lair:2)
  3 swamp worm zombies (Swamp:4)
  5 unseen horrors
  2 kobold demonologists (D:14)
  9 freezing wraiths
  30 yaktaurs
  2 efreet (D:15)
  5 hydra zombies (Swamp:4)
  5 komodo dragons
  4 tengu conjurers
  A green draconian skeleton (Crypt:1)
  A tormentor (Depths:2)
  5 trolls
  A death drake zombie (Crypt:2)
  A red devil (D:13)
  A queen bee (shapeshifter) (Elf:3)
  21 tarantellas
  A polar bear (Lair:4)
  3 tyrant leeches
  A wind drake (shapeshifter) (D:13)
  2 bloated husks (Swamp:4)
  A great orb of eyes zombie (Crypt:1)
  15 hornets
  A merfolk (shapeshifter) (Vaults:1)
  A death drake skeleton (Crypt:2)
  A hornet (shapeshifter) (Elf:3)
  2 hellwings
  A tengu simulacrum (Depths:3)
  A culicivora zombie (Crypt:2)
  A raiju (shapeshifter) (D:14)
  A tarantella (shapeshifter) (Vaults:5)
  5 blink frogs (Lair:5)
  22 jumping spiders
  4 glass eyes
  A raiju (D:14)
  2 spectral swamp dragons (Swamp:4)
  62 slime creatures
  5 vampires
  An air elemental (Elf:2)
  5 small abominations
  11 wraiths
  A shadow (D:12)
  A ynoxinul (D:12)
  18 culicivoras
  An ettin skeleton (Crypt:3)
  5 fire elementals
  A dire elephant simulacrum (IceCv)
  3 water elementals (Depths:2)
  A yak (shapeshifter) (Elf:3)
  19 yaks
  2 tyrant leech zombies (Swamp:4)
  2 wyverns
  A basilisk (shapeshifter) (D:8)
  A basilisk (Lair:5)
  3 hogs (Lair:5)
  45 redbacks
  A yaktaur simulacrum (Vaults:2)
  6 golden eyes
  3 death yak simulacra
  6 wargs (Orc:2)
  2 chaos spawn (Depths:3)
  7 vampire mosquitoes
  A hydra simulacrum (IceCv)
  2 acid dragons
  13 swamp worms
  2 hell hounds (D:5)
  A two-headed ogre skeleton (Crypt:2)
  5 water moccasins
  A glowing shapeshifter skeleton (Crypt:1)
  2 swamp dragon zombies (Swamp:4)
  5 ogres
  18 laughing skulls
  29 orc warriors
  A crocodile (Zot:5)
  A centaur (shapeshifter) (D:15)
  5 centaurs
  8 phantoms (Swamp:4)
  A torpor snail zombie (Crypt:1)
  4 wolves (Lair:2)
  2 kobold brigands
  6 bullfrogs
  A knight (IceCv)
  4 earth elementals
  A warg zombie (Crypt:2)
  A gnoll sergeant (D:13)
  6 two-headed ogre simulacra (IceCv)
  3 cane toad simulacra (IceCv)
  A warg skeleton (Crypt:2)
  6 wights
  7 killer bees
  5 elephant simulacra
  3 howler monkeys
  An electric eel (Spider:2)
  A crimson imp (D:15)
  A quasit (D:15)
  8 orc priests
  A gnoll bouda (D:8)
  A hound (D:7)
  An iron imp (D:15)
  16 orc wizards
  2 polar bear simulacra
  10 spriggan simulacra
  4 troll simulacra (IceCv)
  A wolf simulacrum (IceCv)
  An ogre zombie (Crypt:1)
  11 gnolls
  8 naga simulacra
  5 white imps
  2 ufetubi (IceCv)
  66 orcs
  2 hobgoblins (Bailey)
  13 kobolds
  3 aspiring fleshes
1849 creatures vanquished.

Vanquished Creatures (others)
  An orb of fire (Zot:5)
  Boris (Crypt:1)
  A curse toe (Zot:2)
  2 golden dragons (Vaults:5)
  A bone dragon (Crypt:3)
  2 Orb Guardians (Zot:5)
  A death cob (Zot:1)
  4 eldritch tentacles
  3 storm dragons
  2 draconian monks
  A draconian knight (Zot:4)
  A deep elf sorcerer (Vaults:5)
  An emperor scorpion (Spider:4)
  A deep elf elementalist (Elf:3)
  A frost giant (Vaults:5)
  2 vault wardens (Vaults:5)
  A green draconian (Zot:4)
  2 vampire knights
  2 purple draconians
  A yaktaur captain (Vaults:1)
  A vault guard (Vaults:4)
  An ice dragon (Depths:4)
  2 deep elf knights (Elf:1)
  2 hell knights
  A skeletal warrior (Crypt:1)
  An orb spider (Spider:4)
  A steelbarb worm (Spider:2)
  A large abomination (D:15)
  A necromancer (Crypt:2)
  An orange demon (D:15)
  5 yaktaurs
  A chaos spawn (D:15)
  A laughing skull (Crypt:3)
  A howler monkey (D:7)
  An orc priest (Orc:2)
  50 knights
  An ancestor (D:7)
  3 ufetubi (D:15)
  10 foxfires (Swamp:3)
  37 snaplasher vines
  2 starspawn tentacles (D:14)
155 creatures vanquished.

Grand Total: 2631 creatures vanquished

Notes
Turn   | Place    | Note
-------+----------+-------------------------------------------
     0 | D:1      | Twinkles the Draconian Conjurer began the quest for the
                  | Orb.
     0 | D:1      | Reached XP level 1. HP: 14/14 MP: 3/3
   331 | D:1      | Reached XP level 2. HP: 21/22 MP: 1/5
   465 | D:1      | Learned a level 2 spell: Searing Ray
   842 | D:1      | Reached skill level 1 in Fighting
   867 | D:1      | Reached XP level 3. HP: 17/28 MP: 0/6
  2109 | D:2      | Reached XP level 4. HP: 35/35 MP: 5/7
  2475 | D:3      | Found a shimmering blue altar of Sif Muna.
  3168 | D:3      | Reached XP level 5. HP: 41/41 MP: 1/9
  3450 | D:3      | Reached skill level 1 in Ice Magic
  3922 | D:4      | Reached XP level 6. HP: 51/51 MP: 5/11
  4548 | D:5      | Entered Level 5 of the Dungeon
  4582 | D:5      | Your scales start taking on a glossy black colour.
  4582 | D:5      | Reached XP level 7. HP: 43/59 MP: 7/13
  4582 | D:5      | Gained mutation: You are resistant to electric shocks.
                  | (rElec) [Black Draconian growth]
  4674 | D:5      | Found a staircase to the Ecumenical Temple.
  4764 | Temple   | Found a transporter.
  4764 | Temple   | Found a transporter.
  4764 | Temple   | Found a transporter.
  4764 | Temple   | Found a transporter.
  4764 | Temple   | Entered the Ecumenical Temple
  4800 | Temple   | Became a worshipper of Hepliaklqana the Forgotten
  4805 | Temple   | Learned a level 3 spell: Ozocubu's Armour
  4874 | D:5      | Noticed Grinder
  4930 | D:5      | Noticed a two-headed ogre
  4982 | D:5      | HP: 6/60 [two-headed ogre/+0 giant spiked club (16)]
  4983 | D:5      | Killed a two-headed ogre
  4984 | D:5      | Reached skill level 5 in Fighting
  4984 | D:5      | Reached skill level 5 in Spellcasting
  4984 | D:5      | Reached XP level 8. HP: 8/70 MP: 0/15
  5211 | D:5      | Noticed Menkaure
  5391 | D:5      | Reached skill level 5 in Ice Magic
  5468 | D:5      | Paralysed by Grinder for 3 turns
  5472 | D:5      | Killed Grinder
  5587 | D:5      | Killed Menkaure
  6059 | D:6      | HP: 25/73 [poisoned by a water moccasin]
  6064 | D:6      | Found a radiant altar of Vehumet.
  6083 | D:6      | Reached XP level 9. HP: 32/79 MP: 1/19
  6250 | D:6      | Found a sand-covered staircase.
  6266 | Ossuary  | Entered an ossuary
  7282 | D:6      | Reached * piety under Hepliaklqana
  7604 | D:6      | HP: 21/73 [human/+0 mace (9)]
  8206 | D:7      | Reached skill level 1 in Short Blades
  8302 | D:7      | Found a broken altar of Ashenzari.
  8303 | D:7      | Found a burning altar of Makhleb.
  8580 | D:7      | Reached skill level 1 in Invocations
  8893 | D:7      | Reached ** piety under Hepliaklqana
  8894 | D:7      | Remembered your ancestor Coqu as a knight
  8952 | D:7      | Found a hide-covered altar of Uskayaw.
  9191 | D:8      | Found Vuguta Kuol's Book Boutique.
  9360 | D:8      | Reached XP level 10. HP: 81/81 MP: 12/21
  9644 | D:8      | Found Firph's Book Emporium.
  9712 | D:8      | Found Sigahex's Magic Scroll Boutique.
  9715 | D:8      | Bought a scroll of teleportation for 39 gold pieces
  9715 | D:8      | Bought a scroll of identify for 26 gold pieces
  9925 | D:8      | Found Nuzxi's General Store.
 10001 | D:8      | Reached skill level 10 in Fighting
 10133 | D:8      | Found an opulent altar of Gozag.
 10194 | D:8      | Reached skill level 1 in Summonings
 10260 | D:8      | Identified the +8 dagger "Dragon's Funeral" {drain, rPois
                  | Dex+2}
 10347 | D:8      | Noticed a centaur warrior
 10628 | D:9      | Noticed a two-headed ogre
 11057 | D:9      | Reached skill level 2 in Summonings
 11151 | D:9      | Killed a two-headed ogre
 11568 | D:8      | Bought a scroll of acquirement for 676 gold pieces
 11585 | D:8      | Acquired the +2 pair of gloves "Xabbel" {Str+2 Int+5}
 11668 | D:9      | Found an ornate altar of the Wu Jian Council.
 11757 | D:9      | Found a staircase to the Lair.
 11800 | D:9      | HP: 25/84 [something (6)]
 11802 | D:9      | HP: 12/84 [something (4)]
 11807 | D:9      | HP: 26/84 [something (3)]
 11809 | D:9      | Reached skill level 5 in Dodging
 11809 | D:9      | Reached skill level 3 in Summonings
 11809 | D:9      | Noticed a boulder beetle
 11824 | D:9      | HP: 18/84 [centaur/arrow (6)]
 12133 | D:9      | Noticed a tengu warrior
 12192 | D:9      | Killed a tengu warrior
 12193 | D:9      | Reached XP level 11. HP: 90/90 MP: 10/22
 12282 | D:9      | Reached skill level 5 in Short Blades
 12289 | D:9      | Reached skill level 5 in Invocations
 12320 | D:9      | Noticed an arcanist
 12324 | D:9      | Noticed a death knight
 12326 | D:9      | Noticed a boulder beetle
 12518 | D:10     | Entered Level 10 of the Dungeon
 12518 | D:10     | Noticed Harold
 12532 | D:9      | Killed Harold
 12533 | D:9      | HP: 31/90 [poisoned by a killer bee]
 12953 | D:10     | Found a flagged portal.
 12972 | Bailey   | Entered a bailey
 13049 | Bailey   | Noticed an orc warlord
 13380 | Bailey   | Reached *** piety under Hepliaklqana
 13433 | Bailey   | Reached skill level 4 in Summonings
 13549 | Bailey   | Found a runed translucent gate.
 13551 | Bailey   | Found a runed translucent gate.
 13557 | Bailey   | Found a runed translucent gate.
 13901 | Bailey   | Killed an orc warlord
 14052 | Bailey   | Acquired the +4 hat "Kaewu" {Int+3}
 14878 | D:8      | Bought a book of Blood for 364 gold pieces
 14883 | D:8      | Learned a level 2 spell: Call Imp
 15456 | Lair:1   | Entered Level 1 of the Lair of Beasts
 15519 | Lair:1   | Reached skill level 5 in Summonings
 16297 | Lair:1   | Reached **** piety under Hepliaklqana
 16307 | Lair:1   | Identified the +9 long sword of the Extremely Mad {drain,
                  | rC+ Int+3}
 16337 | Lair:1   | Noticed an oklob plant
 16366 | Lair:1   | Reached skill level 6 in Summonings
 16366 | Lair:1   | Reached XP level 12. HP: 100/100 MP: 10/24
 17313 | Lair:2   | Reached skill level 7 in Summonings
 17590 | Lair:2   | You are sucked into a shaft and drop 1 floor!
 17778 | Lair:3   | HP: 35/101 [yak (1)]
 18168 | Lair:2   | Reached skill level 8 in Summonings
 19021 | Lair:2   | Found a staircase to the Swamp.
 19159 | D:9      | Killed a boulder beetle
 19604 | Lair:3   | Reached skill level 9 in Summonings
 19956 | Lair:3   | Found a hole to the Spider Nest.
 19959 | Lair:3   | Reached ***** piety under Hepliaklqana
 19966 | Lair:3   | Reached XP level 13. HP: 109/109 MP: 21/26
 21472 | Lair:4   | Reached skill level 10 in Summonings
 22838 | Lair:5   | Entered Level 5 of the Lair of Beasts
 23250 | Lair:5   | Learned a level 4 spell: Iskenderun's Mystic Blast
 23501 | Lair:5   | Reached skill level 1 in Translocations
 23696 | Lair:5   | Reached skill level 5 in Conjurations
 24003 | Lair:5   | Found a runed translucent gate.
 24003 | Lair:5   | Found a runed translucent gate.
 24003 | Lair:5   | Found a runed translucent gate.
 24004 | Lair:5   | Noticed planckenstein's ghost (journeyman MiBe)
 24219 | Lair:5   | Reached skill level 11 in Summonings
 24497 | Lair:5   | Noticed Kirke
 25558 | Lair:5   | Gained mutation: Your large and strong wings let you fly.
                  | [Black Draconian growth]
 25558 | Lair:5   | Reached XP level 14. HP: 118/118 MP: 19/27
 25606 | Lair:5   | Learned a level 7 spell: Summon Hydra
 25784 | Lair:5   | Reached skill level 10 in Invocations
 25933 | Lair:5   | Found the +1 robe of Vines {NoPotionHeal Regen++++}
 26369 | Lair:5   | Found a corrupted altar of Lugonu.
 26369 | Lair:5   | Found a one-way gate to the infinite horrors of the Abyss.
 26379 | Lair:5   | Identified the staff "Vukhar" {rElec Conj}
 27585 | Lair:1   | Identified the +3 long sword of Ru's Hatred {flame, rN+
                  | Will+ Dex-2}
 27736 | D:9      | HP: 35/119 [death knight/+0 broad axe (23)]
 27738 | D:9      | Reached skill level 12 in Summonings
 29368 | D:11     | Noticed Josephine
 29449 | D:11     | Killed Josephine
 29920 | D:11     | Found Fuarita's Armour Shop.
 30197 | D:11     | Found a staircase to the Orcish Mines.
 30262 | D:11     | Acquired the Directory of Might
 30272 | D:11     | Learned a level 5 spell: Summon Forest
 30611 | D:11     | Found a runed translucent door.
 30628 | D:11     | HP: 41/119 [poisoned by a wolf spider]
 30854 | D:11     | Learned a level 7 spell: Monstrous Menagerie
 31064 | D:11     | Noticed a frost giant
 31077 | D:11     | Killed a frost giant
 31389 | D:12     | Reached skill level 13 in Summonings
 31737 | D:12     | Reached skill level 15 in Fighting
 32837 | D:13     | Reached XP level 15. HP: 123/126 MP: 9/28
 32956 | D:13     | Found a frozen archway.
 33064 | IceCv    | Entered an ice cave
 36376 | D:14     | Noticed Axipewex's ghost (journeyman OnSh)
 36390 | D:14     | Found a transporter.
 36567 | D:14     | Reached skill level 10 in Spellcasting
 36567 | D:14     | Reached skill level 14 in Summonings
 37323 | D:14     | Found a transporter.
 37336 | D:14     | Noticed a tentacled starspawn
 37391 | D:14     | Found a gate to the Vaults.
 37599 | D:14     | Found a corrupted altar of Lugonu.
 37761 | D:15     | Entered Level 15 of the Dungeon
 37937 | D:15     | Noticed Azrael
 37956 | D:15     | Killed Azrael
 38178 | D:15     | Noticed Roxanne
 38638 | D:15     | Identified the +9 tower shield of Qoighior {Dex+3}
 38638 | D:15     | Noticed Louise
 38653 | D:15     | Killed Louise
 38679 | D:15     | HP: 42/130 [fire dragon/blast of flame (15)]
 38686 | D:15     | HP: 34/130 [fire dragon (10)]
 38692 | D:15     | HP: 41/130 [fire dragon (2)]
 38701 | D:15     | HP: 40/130 [fire dragon (2)]
 39260 | D:15     | Found a staircase to the Depths.
 39368 | D:15     | Killed Roxanne
 39792 | Lair:5   | Killed planckenstein's ghost
 40007 | Lair:5   | Killed Kirke
 40192 | Swamp:1  | Entered Level 1 of the Swamp
 40524 | Swamp:1  | Noticed Mlioglotl
 40534 | Swamp:1  | Killed Mlioglotl
 40751 | Swamp:1  | Identified the +5 war axe of the Orb {heavy, rC+ SInv}
 40785 | Swamp:1  | Reached XP level 16. HP: 138/138 MP: 19/30
 40877 | Swamp:1  | Reached skill level 15 in Summonings
 42413 | Swamp:3  | HP: 37/139 [will-o-the-wisp/foxfire (18)]
 42418 | Swamp:3  | HP: 24/139 [swamp worm (14)]
 42780 | Swamp:3  | Found a runed translucent gate.
 42782 | Swamp:3  | Found a runed translucent gate.
 42782 | Swamp:3  | Found a runed translucent gate.
 43295 | Swamp:3  | Noticed xzight's ghost (adept MiBe)
 43326 | Swamp:4  | Entered Level 4 of the Swamp
 43915 | Swamp:4  | Identified the +12 trident of Forgiveness {flame, rF+}
 44187 | Swamp:4  | Noticed a tentacled monstrosity
 44200 | Swamp:4  | Killed a tentacled monstrosity
 44289 | Swamp:4  | Noticed a thorn hunter
 44300 | Swamp:4  | Killed a thorn hunter
 44608 | Swamp:4  | Reached skill level 10 in Dodging
 44988 | Swamp:4  | Reached skill level 16 in Summonings
 45001 | Swamp:4  | Noticed a bone dragon
 45026 | Swamp:4  | Killed a bone dragon
 45027 | Swamp:4  | Reached XP level 17. HP: 138/146 MP: 7/32
 45342 | Swamp:4  | Learned a level 1 spell: Apportation
 45343 | Swamp:4  | Got a decaying rune of Zot
 45549 | Spider:1 | Entered Level 1 of the Spider Nest
 46169 | Spider:1 | Noticed Frances
 46295 | Spider:1 | Killed Frances
 47076 | Lair:3   | HP: 50/148 [ghost moth (4)]
 48014 | Spider:2 | HP: 52/149 [ghost moth (2)]
 48436 | Spider:2 | You are sucked into a shaft and drop 1 floor!
 49062 | Spider:2 | Learned a level 8 spell: Summon Horrible Things
 51383 | Spider:4 | Entered Level 4 of the Spider Nest
 52028 | Spider:4 | Reached skill level 17 in Summonings
 52385 | Spider:4 | Reached XP level 18. HP: 158/158 MP: 20/34
 52501 | Spider:4 | Identified the maw talisman "Vamit" {rN+++ Will+}
 53814 | Spider:4 | Identified the orb of Shielding {*Rage, rF- Str-5 Dex+6}
 54144 | Spider:4 | Got a gossamer rune of Zot
 54413 | Orc:1    | Entered Level 1 of the Orcish Mines
 54602 | Orc:2    | Entered Level 2 of the Orcish Mines
 54602 | Orc:2    | Found a staircase to the Elven Halls.
 55531 | Orc:2    | Found Damidaoh's Antique Weapon Emporium.
 55532 | Orc:2    | Found a roughly hewn altar of Beogh.
 55533 | Orc:2    | Found Oleastreu's Antique Armour Shoppe.
 55778 | Orc:2    | Found a roughly hewn altar of Beogh.
 56093 | Orc:2    | Found a roughly hewn altar of Beogh.
 56200 | Orc:2    | Found Cymun's Book Shop.
 56226 | Orc:2    | Found a roughly hewn altar of Beogh.
 56531 | Orc:2    | Found a roughly hewn altar of Beogh.
 56557 | Orc:2    | Found Buesuick's Magic Scroll Shoppe.
 56658 | Orc:2    | Bought a pair of transparent boots for 361 gold pieces
 56658 | Orc:2    | Identified the +0 pair of boots of Contentment {-Cast Dex-3
                  | SInv Stlth+} (You bought it in a shop on level 2 of the
                  | Orcish Mines)
 56666 | Orc:2    | Bought a crystal short sword for 232 gold pieces
 56666 | Orc:2    | Identified the +7 short sword of Yredelemnul, Writhing
                  | {protect, rF+} (You bought it in a shop on level 2 of the
                  | Orcish Mines)
 57078 | Orc:2    | Bought a scroll of teleportation for 39 gold pieces
 57078 | Orc:2    | Bought 3 scrolls of blinking for 292 gold pieces
 57111 | Elf:1    | Entered Level 1 of the Elven Halls
 57341 | Elf:1    | Found Mach's Jewellery Boutique.
 57363 | Elf:1    | HP: 50/156 [deep elf archer/arrow (24)]
 58109 | Elf:1    | Found a hide-covered altar of Uskayaw.
 58683 | Elf:1    | HP: 36/160 [thermic dynamo/rebounding bolt of fire (29)]
 59082 | Vaults:1 | Entered Level 1 of the Vaults
 59099 | Vaults:1 | Identified the serpent talisman of Janar {rN+ Will++}
 59099 | Vaults:1 | Noticed Aizul
 59107 | Vaults:1 | You are sucked into a shaft and drop 1 floor!
 59943 | Vaults:1 | Found Gozag's Assorted Antiques.
 59944 | Vaults:1 | Found Gozag's Antique Armour Shop.
 59946 | Vaults:1 | Found an opulent altar of Gozag.
 59946 | Vaults:1 | Found Gozag's Antique Armour Boutique.
 60236 | Vaults:1 | Reached skill level 18 in Summonings
 60268 | Vaults:1 | Reached XP level 19. HP: 96/165 MP: 7/36
 60803 | Vaults:1 | Killed Aizul
 61287 | Vaults:1 | Reached ****** piety under Hepliaklqana
 61332 | Vaults:1 | Found Esojegg's Jewellery Boutique.
 61332 | Vaults:1 | Noticed Norris
 61357 | Vaults:1 | Killed Norris
 61838 | Vaults:1 | Noticed Donald
 62616 | Vaults:1 | Killed Donald
 63294 | D:8      | Bought a scroll of acquirement for 676 gold pieces
 63296 | D:8      | Acquired 664 gold pieces
 63821 | Vaults:2 | Identified the +3 robe of the Harp {rC+}
 63821 | Vaults:2 | Noticed Boris
 63833 | Vaults:2 | Killed Boris
 64048 | Vaults:2 | Learned a level 5 spell: Summon Mana Viper
 64445 | Vaults:2 | Reached skill level 19 in Summonings
 65701 | Vaults:2 | Found a staircase to the Crypt.
 66718 | Vaults:3 | Reached XP level 20. HP: 175/175 MP: 20/38
 67359 | Vaults:3 | Reached skill level 1 in Shields
 67393 | Vaults:3 | Reached skill level 20 in Summonings
 69646 | Vaults:4 | Paralysed by a sphinx for 5 turns
 70429 | Vaults:4 | Reached skill level 5 in Shields
 70567 | Vaults:4 | Reached skill level 21 in Summonings
 71559 | Vaults:1 | Bought the +3 warlock's mirror {omnireflect} for 4000 gold
                  | pieces
 71559 | Vaults:1 | Found the +3 warlock's mirror {omnireflect}
 71682 | Vaults:4 | Learned a level 9 spell: Dragon's Call
 71923 | Elf:1    | Reached XP level 21. HP: 179/185 MP: 19/39
 72479 | Elf:2    | Found Oxomakuu's Magic Scroll Shoppe.
 72647 | Elf:2    | Found a portal to a secret trove of treasure.
 72781 | Elf:2    | Found a runed translucent gate.
 72782 | Elf:2    | Found a runed translucent gate.
 72782 | Elf:2    | Found a runed translucent gate.
 73505 | Elf:3    | Entered Level 3 of the Elven Halls
 73810 | Elf:3    | Reached skill level 22 in Summonings
 75074 | Elf:3    | Reached skill level 1 in Polearms
 75801 | Elf:3    | Identified the +8 rapier "Ygay" {drain, rElec rF- Will-
                  | Str+5 Stlth+}
 75814 | Elf:3    | Identified the +8 rapier of Waytoogupp {holy, rPois rN+
                  | Will+}
 75824 | Elf:3    | Identified the +2 pair of boots of Red Music {rElec Int+4}
 75894 | Elf:3    | Got the Teachings on the Electric Cemetery
 76173 | Elf:3    | Found Ijuofao's Distillery.
 76638 | Depths:1 | Entered Level 1 of the Depths
 76654 | Depths:1 | Found a gateway to Hell.
 76674 | Depths:1 | Found a one-way gateway to a ziggurat.
 77307 | Depths:1 | Noticed Sojobo
 77314 | Depths:1 | Killed Sojobo
 77791 | Depths:2 | Reached skill level 5 in Polearms
 78343 | Depths:2 | Reached XP level 22. HP: 115/189 MP: 22/40
 78989 | Depths:2 | Found a sparkling altar of Nemelex Xobeh.
 79029 | Depths:2 | Found a one-way gate leading to the halls of Pandemonium.
 79329 | Depths:2 | Found a burning altar of Makhleb.
 79400 | Depths:2 | Found a glowing golden altar of the Shining One.
 79690 | Depths:3 | Identified the +5 broad axe of Crusades {freeze, rCorr
                  | Int+3}
 80777 | Depths:4 | Entered Level 4 of the Depths
 80913 | Depths:4 | Paralysed by a vampire knight for 3 turns
 81147 | Depths:4 | Noticed a golden dragon
 81154 | Depths:4 | Killed a golden dragon
 81359 | Depths:4 | Found a gate to the Realm of Zot.
 81442 | Depths:4 | Reached skill level 10 in Polearms
 81604 | Depths:4 | Identified the +4 robe "Rueg" {Str+5}
 81604 | Depths:4 | Noticed Boris
 81613 | Depths:4 | Killed Boris
 82069 | Depths:4 | Found a sacrificial altar of Ru.
 82977 | Crypt:1  | Entered Level 1 of the Crypt
 83303 | Crypt:1  | Identified the +2 robe "Aronge" {Int+3}
 83303 | Crypt:1  | Noticed Boris
 83303 | Crypt:1  | Noticed Jory
 83310 | Crypt:1  | Killed Jory
 83314 | Crypt:1  | Killed Boris
 83570 | Crypt:1  | Found a transporter.
 83581 | Crypt:1  | Found a transporter.
 83656 | Crypt:1  | Noticed an ancient lich
 84902 | Crypt:3  | Entered Level 3 of the Crypt
 84918 | Crypt:3  | Reached XP level 23. HP: 180/199 MP: 23/41
 84959 | Crypt:3  | Reached skill level 5 in Stealth
 85681 | Crypt:3  | Noticed an ancient lich
 85694 | Crypt:3  | Killed an ancient lich
 85822 | Crypt:3  | Found an ancient bone altar of Kikubaaqudgha.
 85855 | Crypt:3  | Identified the staff of Radicalism {rN+ Dex+4 Stlth- Necro}
 86288 | Crypt:3  | Identified the ring of Intercession {rN++ Will+ Dex+6
                  | Slay-2}
 86421 | Crypt:3  | Identified the ring of Oxkizxum {+Blink rN++ AC+4 Int+3
                  | Dex-3}
 86863 | Crypt:3  | Found a staircase to the Tomb.
 87079 | Vaults:5 | Entered Level 5 of the Vaults
 88023 | Vaults:5 | Reached skill level 23 in Summonings
 88029 | Vaults:5 | Identified the +2 arbalest of Muvalemoa {penet, Int+3}
 88161 | Vaults:5 | Identified the ring "Umyz" {Fire Int+5}
 88407 | Vaults:5 | Got a silver rune of Zot
 88534 | Vaults:5 | Identified the +5 dagger of Evil {freeze, Str+3 Int+7
                  | Dex-4}
 88811 | Vaults:5 | Noticed a dread lich
 89085 | Vaults:5 | Identified the ring "Xudaa" {Fire Str+3 Int+5 Dex+3}
 89322 | Vaults:4 | Paralysed by something for 3 turns
 89323 | Vaults:4 | Reached XP level 24. HP: 166/216 MP: 22/41
 89324 | Vaults:4 | Killed a dread lich
 89674 | Vaults:5 | Found Xaex's Antique Armour Shoppe.
 89883 | Vaults:5 | Identified the amulet of Jealousy {rN+++ Regen+ RegenMP+
                  | Dex-4 SInv}
 90143 | Vaults:5 | Identified the +3 ring mail of the Bard {Harm rElec Int+2}
 90144 | Vaults:5 | Identified the +1 orcbow "Raisin" {drain, Str+5}
 90327 | Vaults:5 | Got the Information on Topography and the Summer
 90805 | Vaults:5 | Identified the +6 triple crossbow "Killer Bee's Doom"
                  | {heavy, rElec rN+ Int+4}
 91292 | Lair:4   | Found a staircase to the Slime Pits.
 91619 | Elf:3    | Bought a potion of lignification for 39 gold pieces
 91619 | Elf:3    | Bought a potion of enlightenment for 65 gold pieces
 91619 | Elf:3    | Bought a potion of cancellation for 104 gold pieces
 91619 | Elf:3    | Bought a potion of cancellation for 104 gold pieces
 91619 | Elf:3    | Bought a potion of enlightenment for 65 gold pieces
 91619 | Elf:3    | Bought a potion of lignification for 39 gold pieces
 91619 | Elf:3    | Bought a potion of haste for 130 gold pieces
 91780 | Elf:2    | Bought a scroll of fog for 84 gold pieces
 91780 | Elf:2    | Bought a scroll of revelation for 157 gold pieces
 91780 | Elf:2    | Bought a scroll of revelation for 157 gold pieces
 92067 | Slime:1  | Entered Level 1 of the Pits of Slime
 92703 | Elf:1    | Bought a ring of resist corrosion for 340 gold pieces
 93054 | Slime:3  | Reached skill level 15 in Invocations
 93111 | Slime:5  | Entered Level 5 of the Pits of Slime
 93143 | Slime:5  | Noticed the Royal Jelly
 93162 | Slime:5  | Killed the Royal Jelly
 93527 | Slime:5  | Found the +2 Maxwell's thermic engine {flame, freeze, rev}
 93669 | Slime:5  | Identified the +1 helmet of the Devil's Team {rC+ Dex+7}
 93684 | Slime:5  | Got a slimy rune of Zot
 93746 | Slime:5  | Identified the +2 halberd of Qowunu {drain, rPois rN+
                  | Str+3}
 94464 | Zot:1    | Entered Level 1 of the Realm of Zot
 94529 | Zot:1    | Found the +4 dragonskin cloak {Aegis}
 94529 | Zot:1    | Noticed Tiamat
 94626 | Zot:1    | HP: 74/216 [green draconian/+0 dire flail[Tiamat] (2)]
 94627 | Zot:1    | HP: 34/216 [poisoned by a green draconian (poison gas)]
 94628 | Depths:4 | HP: 13/216 [poisoned by a green draconian (blast of
                  | poison)]
 94963 | Zot:1    | HP: 72/216 [quicksilver dragon/bolt of dispelling energy
                  | (26)]
 95008 | Zot:1    | HP: 68/216 [Tiamat/+3 vampiric demon trident (42)]
 95010 | Zot:1    | Killed Tiamat
 95011 | Zot:1    | Reached skill level 15 in Spellcasting
 95270 | Zot:1    | Learned a level 7 spell: Malign Gateway
 95549 | Zot:1    | Noticed a dread lich
 95553 | Zot:1    | Noticed a dread lich
 95555 | Zot:1    | Killed a dread lich
 95556 | Zot:1    | Reached skill level 24 in Summonings
 95556 | Zot:1    | Killed a dread lich
 95557 | Zot:1    | Reached XP level 25. HP: 223/223 MP: 7/42
 95643 | Zot:1    | Noticed a dread lich
 95643 | Zot:1    | Noticed a dread lich
 95649 | Zot:1    | Paralysed by a dread lich for 2 turns
 95649 | Zot:1    | Noticed a dread lich
 95655 | Zot:1    | Killed a dread lich
 95660 | Zot:1    | Killed a dread lich
 95662 | Zot:1    | Killed a dread lich
 96893 | Zot:3    | Found a transporter.
 96899 | Zot:3    | Found a transporter.
 96924 | Zot:3    | Found a transporter.
 96960 | Zot:3    | Reached skill level 25 in Summonings
 97189 | Zot:3    | Found a transporter.
 97766 | Zot:4    | Found a transporter.
 97974 | Zot:4    | Found a basalt altar of Yredelemnul.
 98098 | Zot:4    | Got the Encyclopedia of the Zealot
 98416 | Zot:4    | Noticed a shard shrike
 98417 | Zot:4    | Noticed Beclu's ghost (legendary GnSk)
 98430 | Zot:4    | Found a transporter.
 98434 | Zot:4    | Noticed a shard shrike
 98984 | Zot:4    | Got the Textbook on Violent Corpses
 99108 | Zot:5    | Entered Level 5 of the Realm of Zot
 99135 | Zot:5    | Reached XP level 26. HP: 214/232 MP: 24/42
 99881 | Zot:5    | Noticed an orb of fire
 99881 | Zot:5    | Noticed a dread lich
 99886 | Zot:5    | Killed an orb of fire
 99888 | Zot:5    | Killed a dread lich
 99889 | Zot:5    | Reached skill level 15 in Dodging
 99896 | Zot:5    | Noticed an ancient lich
 99904 | Zot:5    | Killed an ancient lich
 99961 | Zot:5    | Noticed an orb of fire
 99987 | Zot:5    | Killed an orb of fire
 99999 | Zot:5    | Noticed an orb of fire
100008 | Zot:5    | Killed an orb of fire
100050 | Zot:5    | Noticed an orb of fire
100056 | Zot:5    | Killed an orb of fire
100145 | Zot:5    | Noticed an ancient lich
100190 | Zot:5    | Killed an ancient lich
100364 | Zot:5    | Noticed an orb of fire
100372 | Zot:5    | Noticed an orb of fire
100376 | Zot:5    | Gained mutation: You occasionally lose the ability to drink
                  | potions when taking damage. [an orb of fire]
100376 | Zot:5    | Gained mutation: Your body sometimes deteriorates upon
                  | taking damage. [an orb of fire]
100391 | Zot:5    | Killed an orb of fire
100392 | Zot:5    | Gained mutation: You occasionally shout uncontrollably at
                  | your foes. [an orb of fire]
100492 | Zot:5    | Killed an orb of fire
100702 | Zot:2    | Learned a level 4 spell: Passage of Golubria
100836 | Zot:5    | Noticed an orb of fire
100836 | Zot:5    | Noticed an orb of fire
100856 | Zot:5    | Killed an orb of fire
100857 | Zot:5    | Reached skill level 26 in Summonings
101065 | Zot:5    | Noticed an orb of fire
101067 | Zot:5    | Noticed an ancient lich
101074 | Zot:5    | Killed an orb of fire
101075 | Zot:5    | Killed an ancient lich
101092 | Zot:5    | Noticed an orb of fire
101108 | Zot:5    | Killed an orb of fire
101208 | Zot:5    | Noticed a dread lich
101218 | Zot:5    | Killed a dread lich
101370 | Zot:5    | Killed an orb of fire
102099 | D:14     | Killed Axipewex's ghost
103275 | D:13     | Lost mutation: You occasionally lose the ability to drink
                  | potions when taking damage. [potion of mutation]
103275 | D:13     | Lost mutation: Your body sometimes deteriorates upon taking
                  | damage. [potion of mutation]
103275 | D:13     | Gained mutation: You are partially covered in large bone
                  | plates. (SH +4) [potion of mutation]
103275 | D:13     | Gained mutation: You are frail. (-10% HP) [potion of
                  | mutation]
103276 | D:13     | Lost mutation: You are frail. (-10% HP) [potion of
                  | mutation]
103276 | D:13     | Lost mutation: You are partially covered in large bone
                  | plates. (SH +4) [potion of mutation]
103276 | D:13     | Lost mutation: You occasionally shout uncontrollably at
                  | your foes. [potion of mutation]
103276 | D:13     | Gained mutation: You have sharp toenails. [potion of
                  | mutation]
103276 | D:13     | Gained mutation: You expend magic power (3 MP) to
                  | strengthen your wands. [potion of mutation]
103276 | D:13     | Gained mutation: Your muscles are strong. (Str +4, Int/Dex
                  | -1) [potion of mutation]
103877 | Zot:5    | Noticed an orb of fire
103883 | Zot:5    | Gained mutation: You occasionally shout uncontrollably at
                  | your foes. [an orb of fire]
103943 | Zot:5    | Reached XP level 27. HP: 213/242 MP: 30/42
103947 | Zot:5    | Reached skill level 27 in Summonings
104112 | Zot:5    | Killed an orb of fire
104295 | Zot:5    | Got the Orb of Zot
104473 | Zot:1    | Noticed Vucaogeu the pandemonium lord
104486 | Zot:1    | Killed Vucaogeu the pandemonium lord
104660 | D:12     | Noticed Etoij the pandemonium lord
104711 | D:9      | Noticed Aqoubex the pandemonium lord
104825 | D:2      | Noticed a seraph
104973 | D:$      | Escaped with the Orb!

Illustrated notes

Levels and vault maps discovered:
D:1:      dpeg_arrival_circle_labyrinth_c, layout_basic, minmay_misc_feat_room,
          minmay_lizard_pond
D:2:      layout_basic
D:3:      kennysheep_six_static_rooms, layout_rooms,
          nicolae_sif_muna_condensation, nicolae_twisty_statue_hallways
D:4:      layout_gridville
D:5:      layout_rooms, minmay_temple_entry_mini_moons, grunt_ministairs_3,
          grunt_decor_arrowhead, uniq_grinder, uniq_menkaure
D:6:      layout_loops_cross, mainiacjoe_overflow_cross_hatched,
          chequers_ossuary_entry_cave
D:7:      layout_cave_pools, nicolae_uskayaw_suspiria, nicolae_overflow_squiral,
          minmay_ruffians
D:8:      minmay_chambers_of_sevens, layout_basic, grunt_gozag_breadcrumbs,
          serial_shops, shop, nicolae_shop_hallway_plus, nicolae_shop_rolled_up,
          shop
D:9:      hangedman_cross_cluster, layout_cave_pools, kennysheep_mini,
          serial_glass, glass_columns_b, glass_columns_a, glass_columns_b,
          glass_columns_c, glass_columns_c
D:10:     layout_roguey [special_room_orc], enter_bailey_2, uniq_harold
D:11:     layout_loops_corners, erik_orc_2, serial_shops, shop, minivault_13,
          uniq_josephine
D:12:     layout_cave_pools
D:13:     nicolae_BIG_FREAKIN_CUBE, layout_cave_pods,
          portal_ice_cave_entry_ice_simulacra, chequers_serial_rivers_room_b
D:14:     layout_roguey, david_vaults_4, gammafunk_ghost_abyssal_escape,
          marbit_kobold_abyssish
D:15:     grunt_enter_depths_hoard, layout_loops_ring,
          chequers_serial_rivers_room_b, hangedman_devilish_allure,
          uniq_roxanne, uniq_azrael, uniq_louise
Temple:   hellmonk_temple_divided_pantheon
Lair:1:   layout_regular_city, chequers_serial_rivers_room_a,
          minmay_lair_oklob_items
Lair:2:   layout_misc_corridors, mainiacjoe_swamp_entry_lozenge_pond,
          st_stairs_4, infiniplex_staircase_pool, serial_bayou_shore_a
Lair:3:   layout_regular_city, spider_nest_entry_funnel_web,
          serial_bayou_shore_b
Lair:4:   layout_small_grid, minmay_slime_entry_oklob_enclosed,
          chequers_serial_rivers_room_b, hellmonk_talismancer
Lair:5:   hellmonk_lair_end_abyssal_woods, layout_misc_corridors,
          gammafunk_ghost_hydra_chop, hellmonk_guarded_unrand_vines, uniq_kirke
Swamp:1:  layout_falls_marsh, nicolae_swamp_fairy_circle, uniq_mlioglotl
Swamp:2:  layout_falls_marsh, nicolae_swamp_reclaimed_castle,
          nicolae_swamp_tree_isthmus
Swamp:3:  layout_basic_swamp, gammafunk_ghost_necromancy,
          hangedman_swamp_ruin_wall, swamp_pool_3
Swamp:4:  swamp_pestilence, layout_basic_swamp, nzn_swamp_dancing_lights
Spider:1: layout_spider_delve, uniq_frances
Spider:2: layout_spider_delve, nicolae_spider_checkerboard
Spider:3: layout_chambers
Spider:4: guppyfry_spider_rune, spiders_nest_ghost_moth_duel
Slime:1:  layout_caves
Slime:2:  cheibrodos_slime_lost_civilization_3, layout_caves
Slime:3:  layout_caves, cheibrodos_slime_lost_civilization_4
Slime:4:  layout_caves
Slime:5:  slime_pit_nicolae_inversion
Orc:1:    layout_caves
Orc:2:    grunt_orc_community_town_hall, layout_caves,
          grunt_orc_community_big_house_1, grunt_orc_community_big_house_2,
          grunt_orc_community_house_1, grunt_orc_community_house_2,
          grunt_orc_community_house_1, grunt_orc_community_house_1,
          minmay_orc_keep
Elf:1:    layout_geoelf_grid, serial_shops, nicolae_diamond_shop,
          nicolae_elf_altarnating
Elf:2:    nicolae_elf_blades_crystal_corner, layout_loops_ring, serial_shops,
          nicolae_shop_just_a_little_nook, nicolae_trove_entry_columns
Elf:3:    minmay_elf_hall_hex, layout_loops_cross, serial_shops,
          nicolae_shop_industrial_runoff, nicolae_elf_shapeshifter_party
Vaults:1: kennysheep_vaults_gozag_temple, nicolae_vaults_big_angled_halls,
          nicolae_vaults_octothorpe, v_misc_32, hangedman_vaults_trim,
          vaults_room_mumra_shop_pool, layout_vaults_omnigrid, uniq_donald,
          uniq_norris, uniq_aizul
Vaults:2: nicolae_vaults_closet_pinwheel_4, nicolae_vaults_six-pack,
          nicolae_vaults_arrows, nicolae_vaults_enemy_cabinets,
          nicolae_vaults_little_ls, nicolae_vaults_double_plus_2,
          nicolae_vaults_meiosis, nicolae_vaults_closet_pinwheel_3,
          minmay_crypt_entry_vampire_xt, nicolae_vaults_tangram_2, v_misc_15,
          vaults_dpeg_ring, nicolae_vaults_gold_heap, layout_vaults_big_room,
          uniq_boris
Vaults:3: ontoclasm_vaults_eye, grunt_vaults_funnel, st_eye, v_misc_15,
          nicolae_vaults_heart-shaped_vault, nicolae_vaults_asterisk,
          hangedman_vaults_locks, nicolae_vaults_closet_pinwheel_4,
          nicolae_vaults_specimen_jars, nicolae_vaults_ring_of_whatevers,
          nicolae_vaults_layer_cake_slice, v_misc_17,
          grunt_vaults_hallway_short, hangedman_vaults_capsules,
          nicolae_vaults_diamond_1, hangedman_vaults_stretched_pinwheel,
          layout_vaults_ring
Vaults:4: nicolae_vaults_windows_and_doors_thing, hangedman_vaults_snaps,
          nicolae_vaults_shrinking_rooms_1, hangedman_vaults_restitches,
          st_hourglassy, vaults_dpeg_hooks, v_misc_28,
          nicolae_vaults_storage_closets_1, grunt_vaults_focal,
          nicolae_vaults_little_squares_5, vaults_room_stairs_pillars,
          nicolae_vaults_trapezoid_3, layout_vaults_maze_bifur
Vaults:5
Crypt:1:  gammafunk_the_bubble [the_bubble_gammafunk_crates],
          layout_chaotic_city, minmay_misc_feat_rows, uniq_jory
Crypt:2:  layout_regular_city, nicolae_crypt_tucked_away,
          roderic_lattice_octagonal_star
Crypt:3:  cryptofortress_bobbens
Depths:1: layout_basic, enter_ziggurat_e, hell_entry, minmay_holes,
          nicolae_the_louvre, uniq_sojobo
Depths:2: minmay_concentric_multi, layout_gridlike, nemelex_lonely_heart_becter,
          hangedman_coc_ice_floe, rand_demon_pan_entry_3, nzn_life_drinkers
Depths:3: minmay_coctagon, layout_gridlike, pan_entry, hell_entry,
          minmay_room_of_horrors, infiniplex_staircase_squiggle
Depths:4: evilmike_zot_entry_hall, layout_gridlike, rand_demon_pan_entry_8,
          hell_entry, nicolae_ru_awakened_eye
Zot:1:    hellmonk_paralyzer, layout_misc_corridors, nicolae_zig_zag_zippers,
          uniq_tiamat
Zot:2:    layout_misc_corridors, grunt_ministairs_5, uniq_josephina
Zot:3:    layout_misc_corridors, hangedman_zot_decor_slant,
          nicolae_transporter_intersection
Zot:4:    nicolae_zot_draconian_monastery, layout_misc_corridors,
          hangedman_zot_decor_scrapings, gammafunk_ghost_berserking_beasts,
          st_stairs_12, st_single_dragon_hoard_2, st_large_dragon_hoard_4
Zot:5:    layout_gridlike

Skill      XL: |  1  2  3  4  5  6  7  8  9 10 11 12 13 14 15 16 17 18 19 20 21 22 23 24 25 26 27 |
---------------+----------------------------------------------------------------------------------+-----
Stealth        | 2 3 4 8 |  8.0
Fighting       | 1 2 3 4 5 7 9 10 11 13 14 15 16 17 19 20 21 23 24 25 26 | 26.0
Spellcasting   | 3 4 5 6 7 8 9 10 11 12 13 14 15 | 15.4
Ice Magic      | 1 2 4 5 8 |  8.0
Dodging        | 3 5 6 8 10 11 12 14 16 | 16.3
Short Blades   | 2 4 5 |  5.8
Invocations    | 1 4 6 8 9 11 12 14 16 20 21 | 21.5
Summonings     | 3 6 9 11 13 14 16 17 18 19 21 22 23 24 25 26 27 | 27.0
Translocations | 2 4 |  4.2
Conjurations   | 5 |  5.0
Shields        | 5 7 |  7.3
Polearms       | 6 11 13 14 | 14.0
Maces & Flails | |  0.7

Action                     |  1- 3 |  4- 6 |  7- 9 | 10-12 | 13-15 | 16-18 | 19-21 | 22-24 | 25-27 || total
---------------------------+-------+-------+-------+-------+-------+-------+-------+-------+-------++-------
  Melee: Unarmed           |    78 |       |       |       |       |       |       |       |       ||    78
         Tailslap          |     9 |     2 |     1 |    24 |    89 |    69 |    67 |    95 |    33 ||   389
         War axe           |    21 |       |       |       |       |    30 |       |       |       ||    51
         Short sword       |     1 |    40 |    40 |   111 |       |       |       |       |       ||   192
         Dagger            |       |       |       |    27 |   357 |   274 |   199 |     7 |     2 ||   866
         Staff             |       |       |       |       |     6 |       |       |       |       ||     6
         Trishula          |       |       |       |       |       |       |       |   504 |   232 ||   736
   Cast: Magic Dart        |    67 |    73 |    74 |    34 |     1 |       |       |       |       ||   249
         Searing Ray       |       |    19 |    59 |   176 |   190 |       |       |     2 |       ||   446
         Ozocubu's Armour  |       |       |    10 |    38 |   112 |    40 |    32 |    26 |    13 ||   271
         Call Imp          |       |       |       |    32 |    10 |       |       |       |       ||    42
         Iskenderun's Myst |       |       |       |       |     8 |       |     1 |     5 |     1 ||    15
         Monstrous Menager |       |       |       |       |    94 |   227 |   164 |    23 |    10 ||   518
         Summon Forest     |       |       |       |       |    28 |    41 |    59 |     4 |    19 ||   151
         Summon Hydra      |       |       |       |       |    14 |    17 |     3 |       |       ||    34
         Summon Horrible T |       |       |       |       |       |     7 |     3 |     3 |       ||    13
         Apportation       |       |       |       |       |       |     1 |       |       |       ||     1
         Summon Mana Viper |       |       |       |       |       |       |    19 |     4 |     3 ||    26
         Dragon's Call     |       |       |       |       |       |       |    26 |    68 |    46 ||   140
         Malign Gateway    |       |       |       |       |       |       |       |       |     5 ||     5
         Passage of Golubr |       |       |       |       |       |       |       |       |     7 ||     7
 Invoke: Recall Ancestor   |       |       |     3 |    12 |     9 |    10 |    12 |    10 |    10 ||    66
         Ancestor Life: Kn |       |       |     1 |       |       |       |       |       |       ||     1
         Idealise          |       |       |       |       |     9 |    12 |     2 |     7 |     5 ||    35
         Transference      |       |       |       |       |     2 |       |       |       |     1 ||     3
Ability: Galvanic Breath   |       |       |     5 |    13 |     7 |     4 |       |       |       ||    29
  Evoke: Phantom mirror    |       |       |       |       |     1 |       |       |       |       ||     1
         Wand              |       |       |       |       |       |       |     1 |     2 |     1 ||     4
         Tin of tremorston |       |       |       |       |       |       |     2 |       |       ||     2
         Lightning rod     |       |       |       |       |       |       |     1 |       |       ||     1
    Use: Scroll            |       |       |       |    15 |    15 |     5 |     6 |     8 |     9 ||    58
         Potion            |       |       |       |     3 |     1 |     1 |       |    15 |    16 ||    36
   Stab: Sleeping          |     2 |       |       |       |     2 |     1 |       |       |       ||     5
         Distracted        |       |       |     2 |     1 |     8 |    11 |     7 |    14 |    10 ||    53
         Confused          |       |       |       |       |       |     1 |       |       |       ||     1
 Armour: Skin              |    66 |    33 |    65 |   356 |   541 |   482 |   290 |   458 |   193 ||  2484
  Dodge: Dodged            |    60 |    40 |    61 |   216 |   379 |   347 |   234 |   242 |    86 ||  1665
  Block: Buckler           |       |       |       |       |       |       |    28 |   162 |    63 ||   253
         Reflection        |       |       |       |       |       |       |     9 |    26 |    16 ||    51

Table legend: (Time is in decaauts)
 A = Elapsed time spent in this place.
 B = Non-inter-level travel time spent in this place.
 C = Inter-level travel time spent in this place.
 D = Time resting spent in this place.
 E = Time spent auto-exploring this place.
 F = Levels seen in this place.
 G = Mean time per level.
                   A        B        C        D        E       F      G
               +--------+--------+--------+--------+--------+-----+--------+
         Total | 104705 |  91538 |  13167 |  16240 |  54759 |  59 | 1774.7 |
       Dungeon |  27444 |  22348 |   5096 |   2779 |  15365 |  15 | 1829.6 |
        Temple |     53 |     23 |     30 |      0 |     13 |   1 |   53.0 |
          Lair |  14516 |  12453 |   2063 |   3711 |   6041 |   5 | 2903.2 |
         Swamp |   5305 |   5025 |    280 |    375 |   3729 |   4 | 1326.2 |
   Spider Nest |   7929 |   7610 |    319 |   1105 |   4866 |   4 | 1982.2 |
    Slime Pits |   1378 |   1109 |    269 |    173 |    541 |   5 |  275.6 |
  Orcish Mines |   3106 |   2719 |    387 |    431 |   1768 |   2 | 1553.0 |
   Elven Halls |   6474 |   5652 |    822 |   1015 |   3455 |   3 | 2158.0 |
        Vaults |  16138 |  14631 |   1507 |   2555 |   9124 |   5 | 3227.6 |
         Crypt |   3966 |   3631 |    335 |    537 |   1874 |   3 | 1322.0 |
        Depths |   7029 |   6341 |    688 |    983 |   4125 |   4 | 1757.2 |
           Zot |   7513 |   6144 |   1369 |   1276 |   2610 |   5 | 1502.6 |
       Ossuary |    769 |    769 |      0 |    408 |    183 |   1 |  769.0 |
        Bailey |   1128 |   1128 |      0 |    162 |    187 |   1 | 1128.0 |
      Ice Cave |   1949 |   1949 |      0 |    729 |    878 |   1 | 1949.0 |
               +--------+--------+--------+--------+--------+-----+--------+

Top non-repeatable levels by time:
  Lair:5: 4238 daAuts
Vaults:4: 3837 daAuts
Vaults:2: 3704 daAuts
Vaults:1: 3489 daAuts
     D:8: 3424 daAuts
    D:11: 3154 daAuts
Vaults:3: 3030 daAuts
  Lair:3: 2885 daAuts
Spider:4: 2689 daAuts
  Lair:1: 2652 daAuts
Depths:4: 2635 daAuts
     D:9: 2625 daAuts
    D:14: 2612 daAuts
   Elf:3: 2564 daAuts
   Orc:2: 2544 daAuts
